 Dungeon Crawl Stone Soup version 0.17.0-26-gececa24 (webtiles) character file.

6211 lucasterio the Fighter (level 10, -10/96 HPs)
             Began as a Minotaur Berserker on Nov 19, 2015.
             Was a High Priest of Trog.
             Mangled by a white ugly thing (13 damage)
             ... on level 8 of the Dungeon.
             The game lasted 00:32:54 (7897 turns).

lucasterio the Fighter (Minotaur Berserker)         Turns: 7897, Time: 00:32:54

Health: -10/96     AC: 12    Str: 26    XL:     10   Next: 61%
Magic:  9/9        EV:  8    Int:  4    God:    Trog [*****.]
Gold:   411        SH: 11    Dex:  9    Spells: 0 memorised, 9 levels left

rFire  . . .     SeeInvis .     a - +0 spear
rCold  . . .     Clarity  .     q - +0 chain mail
rNeg   + . .     SustAt   .     l - +0 shield
rPois  +         Gourm    .     (helmet restricted)
rElec  .         Spirit   .     (no cloak)
rCorr  .         Warding  .     y - +0 pair of gloves
rMut   .         Stasis   .     (no boots)
MR     ++...                    (no amulet)
Stlth  ..........               p - ring of positive energy
                                V - ring of poison resistance

@: regenerating, very resistant to hostile enchantments, extremely unstealthy
A: retaliatory headbutt, horns 2
a: Berserk, Trog's Hand, Brothers in Arms, Burn Spellbooks, Renounce Religion


You were on level 8 of the Dungeon.
You worshipped Trog.
Trog was extremely pleased with you.
You were hungry.

You visited 1 branch of the dungeon, and saw 8 of its levels.

You collected 411 gold pieces.

Inventory:

Hand Weapons
 a - a +0 spear (weapon)
 B - a +0 shortbow
 P - a +0 trident
Missiles
 n - 9 javelins (quivered)
 r - 172 arrows
 G - 27 arrows of flame
Armour
 l - a +0 shield (worn)
 q - a +0 chain mail (worn)
 y - a +0 pair of gloves (worn)
Jewellery
 h - an uncursed ring of see invisible
 o - an uncursed ring of ice
 p - a ring of positive energy (right hand)
 C - an uncursed ring of magical power
 V - a ring of poison resistance (left hand)
Wands
 u - a wand of polymorph (4)
 E - a wand of flame (7)
 W - a wand of flame (15)
 X - a wand of cold (6)
Scrolls
 e - a scroll of magic mapping {unknown}
 g - 4 scrolls of identify
 A - a scroll of random uselessness {unknown}
 F - a scroll of enchant weapon {unknown}
 H - 2 scrolls of enchant armour {unknown}
 I - 3 scrolls of amnesia {unknown}
 N - 2 scrolls of immolation {unknown}
 O - a scroll of fear {unknown}
 Q - 2 scrolls of teleportation {unknown}
 S - a scroll of remove curse {unknown}
Potions
 b - 2 potions of cancellation {unknown}
 d - a potion of haste {unknown}
 f - 3 potions of heal wounds
 j - 3 potions of curing
 k - a potion of degeneration {unknown}
 m - 3 potions of flight {unknown}
 v - a potion of might {unknown}
 w - a potion of berserk rage {unknown}
 z - 2 potions of poison {unknown}
 L - a potion of ambrosia {unknown}
 T - a potion of magic {unknown}
 Y - 2 potions of mutation {unknown}
Books
 U - a book of the Sky

   Spells                             Type                      Level
   a - Summon Lightning Spire         Summoning/Air                4
   b - Airstrike                      Air                          4
   c - Silence                        Hexes/Air                    5
   d - Deflect Missiles               Charms/Air                   6
   e - Conjure Ball Lightning         Conjuration/Air              6
   f - Tornado                        Air                          9
   Trog disapproves of the use of such an item.
Miscellaneous
 i - a lantern of shadows
Comestibles
 c - 4 bread rations
 x - a slice of pizza
 J - 2 beef jerkies
 M - 2 meat rations


   Skills:
 * Level 11.6 Fighting
 * Level 11.2 Polearms
 + Level 8.4 Armour
 - Level 2.1 Dodging
 + Level 8.0 Shields


You had 9 spell levels left.
You didn't know any spells.

Dungeon Overview and Level Annotations

Branches:
Dungeon (8/15)             Temple (0/1) D:7
   Lair: D:8-11

Altars:
Elyvilon
Kikubaaqudgha
Qazlal
Xom
Zin

Shops:
D:8 %


Innate Abilities, Weirdness & Mutations

You reflexively headbutt those who attack you in melee.
You have a pair of horns on your head.


Message History

Your headbutt misses the white ugly thing.
The white ugly thing is heavily wounded.
You hit the white ugly thing.
The white ugly thing is heavily wounded.
The white ugly thing punches you. The white ugly thing freezes you!!
* * * LOW HITPOINT WARNING * * *
You are too injured to fight recklessly!
Your skin crawls.
You feel resistant to hostile enchantments.
You feel slightly more hungry. The white ugly thing barely misses you.
You furiously retaliate!
You headbutt the white ugly thing!
You are too injured to fight recklessly!
You hit the white ugly thing. You headbutt the white ugly thing.
The white ugly thing is severely wounded.
You hit the white ugly thing but do no damage.
The white ugly thing is severely wounded.
The white ugly thing punches you!
* * * LOW HITPOINT WARNING * * *
The white ugly thing freezes you!
You die...

.........##)...##.#########.#####
...###.........##.# ####.# ####
#########.##.# #....# # #......#
#.#### ## #######.###..# #.# .#
#.......# #..# #.## ##
#.###...###.## #..# # #.#
#.......########.#
######.###......@.......#.#
##.............#u######.#.#
##.###.####.##.#.# #.#.# ##.#
#.####.##.#.# ####.#.# ##.#
#......##.#.# #....#.# .#.#
#..######.#.# #<####.# #%.###..##
#.#.# #.# #.# .........# ###.#.#
#.# #.# #>.#.....###.#.#.# #.#
#.#


You could see a white ugly thing.

Vanquished Creatures
  A tengu warrior (D:8)
  Pikel (D:5)
  Grinder (D:3)
  A basilisk (D:8)
  A hungry ghost (D:7)
  2 hippogriffs (D:8)
  The ghost of homeworkjunkie the Covert, an amateur SpAs (D:5)
  3 sky beasts
  2 ice beasts
  A black bear (D:7)
  A spider (D:5)
  7 centaurs
  A phantom (D:4)
  A slave (D:5)
  7 ogres
  A crocodile (D:8)
  A gnoll sergeant (D:5)
  A big kobold (D:8)
  A wyvern skeleton (D:8)
  A wyvern zombie (D:7)
  3 scorpions
  10 killer bees (D:8)
  A water moccasin skeleton (D:4)
  A crimson imp (D:8)
  2 centaur skeletons
  2 hounds
  Ijyb (D:2)
  5 iguanas
  2 jellies (D:7)
  2 orc priests
  6 worker ants
  2 giant frog skeletons (D:7)
  A gnoll shaman (D:8)
  Jessica (D:2)
  Terence (D:2)
  8 orc wizards
  Natasha (thrice) (D:4)
  A worker ant zombie (D:7)
  Robin (D:2)
  7 gnolls
  6 adders
  2 oozes
  An adder skeleton (D:8)
  2 adder zombies (D:8)
  A worm (D:2)
  2 giant geckos
  28 orcs
  8 bats
  8 giant cockroaches
  15 goblins
  9 hobgoblins
  2 ball pythons
  2 giant gecko skeletons
  4 giant newts
  15 jackals
  13 kobolds
  6 quokkas
  7 rats
227 creatures vanquished.

Vanquished Creatures (collateral kills)
  A two-headed ogre (D:8)
  2 hippogriffs (D:8)
  A giant frog (D:8)
  A killer bee (D:8)
  A killer bee zombie (D:8)
6 creatures vanquished.

Vanquished Creatures (others)
  A slave (D:5)
  An orc wizard (D:5)
  3 worker ants
  An adder (D:4)
  A gnoll (D:5)
  A worm (D:4)
  A giant gecko (D:4)
  2 orcs (D:4)
  2 giant cockroaches (D:4)
13 creatures vanquished.

Grand Total: 246 creatures vanquished

Notes
Turn   | Place    | Note
--------------------------------------------------------------
     0 | D:1      | lucasterio the Minotaur Berserker began the quest for the Orb.
     0 | D:1      | Reached XP level 1. HP: 19/19 MP: 0/0
   191 | D:1      | Reached skill level 4 in Fighting
   262 | D:1      | Reached XP level 2. HP: 25/27 MP: 1/1
   592 | D:1      | Reached ** piety under Trog
   902 | D:2      | Noticed Ijyb
   919 | D:2      | Killed Ijyb
   919 | D:2      | Reached XP level 3. HP: 27/34 MP: 2/2
   991 | D:2      | Reached skill level 1 in Shields
  1096 | D:2      | Reached XP level 4. HP: 38/41 MP: 3/3
  1189 | D:2      | Noticed Robin
  1205 | D:2      | Killed Robin
  1236 | D:2      | Found a white marble altar of Elyvilon.
  1243 | D:2      | Noticed Terence
  1265 | D:2      | Killed Terence
  1265 | D:2      | Reached skill level 5 in Fighting
  1399 | D:2      | Reached XP level 5. HP: 43/48 MP: 4/4
  1593 | D:2      | Noticed Jessica
  1638 | D:2      | Killed Jessica
  1902 | D:3      | Reached skill level 5 in Polearms
  1913 | D:3      | Reached *** piety under Trog
  2105 | D:3      | Noticed Grinder
  2114 | D:3      | Paralysed by Grinder for 3 turns
  2145 | D:3      | Killed Grinder
  2145 | D:3      | Reached skill level 6 in Fighting
  2145 | D:3      | Reached XP level 6. HP: 54/57 MP: 5/5
  2605 | D:4      | Noticed Natasha
  2612 | D:4      | Reached XP level 7. HP: 33/64 MP: 6/6
  2615 | D:4      | Killed Natasha
  2922 | D:4      | Noticed Natasha
  2934 | D:4      | Killed Natasha
  3323 | D:4      | Reached skill level 7 in Fighting
  3328 | D:4      | Found a shimmering altar of Xom.
  3553 | D:4      | Noticed Natasha
  3557 | D:4      | Killed Natasha
  3634 | D:4      | Reached skill level 5 in Armour
  3790 | D:4      | Found an ancient bone altar of Kikubaaqudgha.
  3961 | D:4      | Reached XP level 8. HP: 24/73 MP: 7/7
  4367 | D:5      | Entered Level 5 of the Dungeon
  4367 | D:5      | Noticed Eustachio
  4368 | D:5      | Noticed Eustachio
  4368 | D:5      | Eustachio changed into Eustachio the spider
  4369 | D:5      | Noticed homeworkjunkie's ghost (amateur SpAs)
  4376 | D:5      | Killed homeworkjunkie's ghost
  4379 | D:5      | Killed Eustachio the spider
  4494 | D:5      | Noticed Pikel
  4521 | D:5      | Killed Pikel
  4521 | D:5      | Reached skill level 8 in Fighting
  4521 | D:5      | Reached skill level 5 in Shields
  4600 | D:5      | Reached skill level 9 in Fighting
  4600 | D:5      | Reached XP level 9. HP: 36/83 MP: 8/8
  4767 | D:5      | Reached **** piety under Trog
  4803 | D:5      | Found a glowing silver altar of Zin.
  5237 | D:6      | Found a stormy altar of Qazlal.
  5819 | D:7      | Found a staircase to the Ecumenical Temple.
  6096 | D:7      | Reached skill level 10 in Fighting
  6148 | D:7      | Received a gift from Trog
  6288 | D:7      | Reached skill level 10 in Polearms
  6758 | D:8      | Found Faaman's Food Emporium.
  6888 | D:8      | Reached XP level 10. HP: 94/94 MP: 9/9
  6977 | D:8      | Reached ***** piety under Trog
  6977 | D:8      | Reached skill level 11 in Fighting
  7141 | D:8      | Noticed a tengu warrior
  7185 | D:8      | Killed a tengu warrior
  7228 | D:8      | Got a steaming scimitar {slice}
  7853 | D:8      | Got a dazzling lajatang
  7854 | D:8      | Identified the +8 lajatang "Woeq" {speed, rPois Str-5 Dex+6} (You found it on level 8 of the Dungeon)
  7875 | D:8      | Noticed a white ugly thing
  7897 | D:8      | HP: 3/96 [white ugly thing (11)]
  7897 | D:8      | Mangled by a white ugly thing

Action                   |  1- 3 |  4- 6 |  7- 9 | 10-12 || total
-------------------------+-------+-------+-------+-------++-------
Melee: Spear             |   114 |   206 |   589 |   239 ||  1148
Invok: Berserk           |     1 |     2 |     4 |     2 ||     9
       Trog's Hand       |       |     3 |     2 |     1 ||     6
       Brothers in Arms  |       |       |       |     1 ||     1
Evoke: Wand              |       |       |     1 |       ||     1
  Use: Scroll            |       |       |       |     6 ||     6
       Potion            |       |       |       |     1 ||     1
 Stab: Sleeping          |     2 |       |       |       ||     2
  Eat: Chunk             |     2 |     6 |    17 |     5 ||    30
       Bread ration      |       |       |     1 |       ||     1
       Fruit             |       |       |       |     1 ||     1
